 Dungeon Crawl Stone Soup version 0.30.1-11-g7821555f0a (webtiles) character file.

Game seed: 8842483326159889591

205 Janerl the Skirmisher (level 5, 0/43 HPs)
             Began as a Gnoll Hunter on Oct 27, 2023.
             Slain by a bullfrog (8 damage)
             ... on level 3 of the Dungeon.
             The game lasted 00:09:26 (2028 turns).

Janerl the Skirmisher (Gnoll Hunter)                Turns: 2028, Time: 00:09:26

Health: 0/43       AC:  4    Str: 10    XL:     5   Next: 83%
Magic:  7/7        EV: 14    Int:  8    God:
Gold:   96         SH:  0    Dex: 18    Spells: 7/7 levels left

rFire   . . .        p - +5 short sword (elec)
rCold   . . .        (no shield)
rNeg    . . .        c - +0 leather armour
rPois   .            q - +0 helmet
rElec   .            (no cloak)
rCorr   .            (no gloves)
SInv    .            (no boots)
Will    .....        (no amulet)
Stlth   ++           (no ring)
HPRegen 0.27/turn    (no ring)
MPRegen 0.10/turn

%: no passive effects
@: hasted, very quick
A: fangs 1, strong nose, distributed training
a: no special abilities


You were on level 3 of the Dungeon.
You visited 1 branch of the dungeon, and saw 4 of its levels.

You collected 96 gold pieces.

Inventory:

Hand Weapons
 a - a +0 shortbow
 p - a +5 short sword of electrocution (weapon)
Armour
 c - a +0 leather armour (worn)
 q - a +0 helmet (worn)
Scrolls
 b - a scroll of immolation
 f - 2 scrolls of teleportation {unknown}
 g - a scroll of amnesia {unknown}
 h - 2 scrolls of vulnerability {unknown}
 j - a scroll of silence {unknown}
 n - a scroll of identify {unknown}
 o - a scroll of noise {unknown}
Potions
 d - 2 potions of heal wounds {unknown}
 e - 2 potions of resistance {unknown}
 i - 2 potions of curing {unknown}
 k - a potion of attraction {unknown}
 l - a potion of lignification {unknown}
 m - 2 potions of haste


   Skills:
 + Level 4.9 Fighting
 + Level 1.7 Short Blades
 + Level 1.7 Long Blades
 + Level 1.7 Axes
 + Level 1.7 Maces & Flails
 + Level 1.7 Polearms
 + Level 1.7 Staves
 + Level 8.7 Ranged Weapons
 + Level 1.7 Throwing
 + Level 1.7 Armour
 + Level 4.9 Dodging
 + Level 2.9 Stealth
 + Level 1.7 Shields
 + Level 1.7 Unarmed Combat
 + Level 1.7 Spellcasting
 + Level 1.3 Conjurations
 + Level 1.3 Hexes
 + Level 1.3 Summonings
 + Level 1.3 Necromancy
 + Level 1.3 Translocations
 + Level 1.3 Transmutations
 + Level 1.3 Fire Magic
 + Level 1.3 Ice Magic
 + Level 1.3 Air Magic
 + Level 1.3 Earth Magic
 + Level 1.3 Poison Magic
 + Level 2.0 Invocations
 + Level 1.7 Evocations


You had 7 spell levels left.
You didn't know any spells.
Your spell library contained the following spells:

 Spells                   Type           Power      Damage    Failure   Level
 Apportation              Tloc           4%         N/A       28%         1
 Necrotise                Necr           8%         1d4       28%         1
 Summon Small Mammal      Summ           8%         N/A       28%         1


Dungeon Overview and Level Annotations

Branches:
Dungeon (4/15)
 Temple: D:4-7

Altars:


Innate Abilities, Weirdness & Mutations

You have very sharp teeth.
Your uncanny sense of smell can sniff out nearby items.
Your experience applies equally to all skills.


Message History

The ball python hisses angrily.
A hobgoblin comes into view.
Found a hand axe and 2 fizzy emerald potions.
Found an escape hatch in the floor.
There is a stone staircase leading up here.
A ball python comes into view.
The hobgoblin hits you. The bullfrog hits you.
You barely miss the hobgoblin. Your bite misses the hobgoblin.
The bullfrog hits you.
An endoplasm comes into view.
The hobgoblin hits you but does no damage.
You closely miss the hobgoblin. The bullfrog hits you. The hobgoblin hits you.
The bullfrog hits you.
A hound comes into view.
The ball python closely misses you. The ball python barely misses you.
There is a stone staircase leading up here.
The endoplasm quivers.
The bullfrog barely misses you.
The ball python bites you but does no damage.
The ball python misses you. The hobgoblin closely misses you.
You climb upwards.
There is a stone staircase leading down here.
The bullfrog attacks as you move away! The bullfrog misses you.
The bullfrog hits you. The hobgoblin hits you.
The hobgoblin attacks as you move away! The hobgoblin barely misses you.
There is a stone staircase leading up here.
The bullfrog hits you. The hobgoblin barely misses you.
You closely miss the bullfrog. You bite the bullfrog.
The bullfrog is lightly wounded.
The bullfrog hits you. x2
* * * LOW HITPOINT WARNING * * *
You hit the bullfrog.
The bullfrog is lightly wounded.
The bullfrog releases a deep croak.
The bullfrog hits you!
* * * LOW HITPOINT WARNING * * *
It was a potion of haste.
You feel yourself speed up. The bullfrog misses you.
The bullfrog closely misses you. The bullfrog attacks as you move away!
The bullfrog hits you!
You die...

#..##.# #. #..##.# #.
#.....# #. #...### #.
#...# #. #...# #.
#..)# ############# #.
#...# #...........# #.
#...# #@#########.# #.
#...#########F# #.# #.
#...........#.#
#.#####.
#.#.#######.#.#
#.##.... #.#.# #.#.#
#.##.#.. #.#.# #.#S#
#.##..†# #.#.#
#.#.#########.###.##
####.#.#
###.................##
.....#.#
#....g##########.#..##


You could see a bullfrog and a ball python.

Vanquished Creatures
  An orc priest (D:3)
  Jessica (D:2)
  Natasha (D:3)
  Robin (D:3)
  2 adders
  A shadow imp (D:3)
  2 worms (D:2)
  A dart slug (D:3)
  5 orcs (D:3)
  6 endoplasms
  4 giant cockroaches
  15 goblins
  8 hobgoblins
  4 quokkas
  6 ball pythons
  4 bats
  2 frilled lizards (D:1)
  3 kobolds
  6 rats
73 creatures vanquished.

Notes
Turn   | Place    | Note
-------+----------+-------------------------------------------
     0 | D:1      | Janerl the Gnoll Hunter began the quest for the Orb.
     0 | D:1      | Reached XP level 1. HP: 20/20 MP: 1/1
   106 | D:1      | Reached XP level 2. HP: 26/26 MP: 2/2
   671 | D:2      | Reached XP level 3. HP: 31/31 MP: 3/3
   763 | D:2      | Reached skill level 1 in Invocations
   922 | D:2      | Noticed Jessica
   925 | D:2      | Killed Jessica
   926 | D:2      | Reached skill level 1 in Short Blades
   926 | D:2      | Reached skill level 1 in Long Blades
   926 | D:2      | Reached skill level 1 in Axes
   926 | D:2      | Reached skill level 1 in Maces & Flails
   926 | D:2      | Reached skill level 1 in Polearms
   926 | D:2      | Reached skill level 1 in Staves
   926 | D:2      | Reached skill level 1 in Throwing
   926 | D:2      | Reached skill level 1 in Armour
   926 | D:2      | Reached skill level 1 in Shields
   926 | D:2      | Reached skill level 1 in Unarmed Combat
   926 | D:2      | Reached skill level 1 in Spellcasting
   926 | D:2      | Reached skill level 1 in Evocations
   926 | D:2      | Reached XP level 4. HP: 38/38 MP: 5/5
  1243 | D:3      | Reached skill level 1 in Conjurations
  1243 | D:3      | Reached skill level 1 in Hexes
  1243 | D:3      | Reached skill level 1 in Summonings
  1243 | D:3      | Reached skill level 1 in Necromancy
  1243 | D:3      | Reached skill level 1 in Translocations
  1243 | D:3      | Reached skill level 1 in Transmutations
  1243 | D:3      | Reached skill level 1 in Fire Magic
  1243 | D:3      | Reached skill level 1 in Ice Magic
  1243 | D:3      | Reached skill level 1 in Air Magic
  1243 | D:3      | Reached skill level 1 in Earth Magic
  1243 | D:3      | Reached skill level 1 in Poison Magic
  1343 | D:3      | Noticed Natasha
  1352 | D:3      | Killed Natasha
  1353 | D:3      | Reached XP level 5. HP: 39/43 MP: 5/7
  1741 | D:3      | Noticed Robin
  1746 | D:3      | Killed Robin
  2028 | D:3      | Slain by a bullfrog

Illustrated notes

Levels and vault maps discovered:
D:1:      scummos_arrival_forest, layout_basic, nrook_mini_backslash,
          minmay_misc_feat_encased
D:2:      layout_loops_ring, uniq_jessica
D:3:      layout_loops_ring, uniq_natasha, uniq_robin
D:4:      layout_cave_pools, biasface_ghost_orc_armoury, chequers_arboretum

Skill      XL: |  1  2  3  4  5 |
---------------+----------------+-----
Invocations    | 1 2 |  2.0
Short Blades   | 1 |  1.7
Long Blades    | 1 |  1.7
Axes           | 1 |  1.7
Maces & Flails | 1 |  1.7
Polearms       | 1 |  1.7
Staves         | 1 |  1.7
Throwing       | 1 |  1.7
Armour         | 1 |  1.7
Shields        | 1 |  1.7
Unarmed Combat | 1 |  1.7
Spellcasting   | 1 |  1.7
Evocations     | 1 |  1.7
Conjurations   | 1 |  1.3
Hexes          | 1 |  1.3
Summonings     | 1 |  1.3
Necromancy     | 1 |  1.3
Translocations | 1 |  1.3
Transmutations | 1 |  1.3
Fire Magic     | 1 |  1.3
Ice Magic      | 1 |  1.3
Air Magic      | 1 |  1.3
Earth Magic    | 1 |  1.3
Poison Magic   | 1 |  1.3
Fighting       | |  4.9
Ranged Weapons | |  8.7
Dodging        | |  4.9
Stealth        | |  2.9

Action                     |  1- 3 |  4- 6 || total
---------------------------+-------+-------++-------
  Melee: Short sword       |       |    16 ||    16
         Bite              |       |     2 ||     2
         Unarmed           |       |     1 ||     1
   Fire: Shortbow          |    84 |    94 ||   178
    Use: Potion            |       |     1 ||     1
 Armour: Leather armour    |     6 |     8 ||    14
  Dodge: Dodged            |    11 |    30 ||    41
